Minnesota North Stars vs Montreal Canadiens
Created - Saturday, March 18, 2023 at 07:02
Goals
|
| Minnesota North Stars |
1 |
0 |
0 |
1 |
| Montreal Canadiens |
0 |
2 |
1 |
3 |
|
Shots
|
| Minnesota North Stars |
15 |
8 |
9 |
32 |
| Montreal Canadiens |
10 |
11 |
16 |
37 |
|
1st period
1. Minnesota North Stars , Conor Sheary 1 (Alex Goligoski 1, Nino Niederreiter 3) at 12:20
Penalties :
Sidney Crosby (MTL) for Hooking (Minor) at 9:31, Evgeni Malkin (MNS) for Holding (Minor) at 16:52
2nd period
2. Montreal Canadiens , Patrik Laine 7 (Filip Forsberg 5, Alexandre Carrier 1) at 6:18
3. Montreal Canadiens , Martin Necas 3 (Miles Wood 3, Brady Skjei 2) at 16:02
Penalties :
Adam Lowry (MNS) for High sticking (Minor) at 13:42, Evgeni Malkin (MNS) for Hooking (Minor) at 18:37
3rd period
4. Montreal Canadiens , Filip Hronek 1 (Christian Fischer 1, Tomas Nosek 1) at 19:16 (Empty Net)
Penalties :
Brady Skjei (MTL) for Tripping (Minor) at 1:18, Rasmus Dahlin (MNS) for Holding (Minor) at 7:54, Tyler Myers (MTL) for Hooking (Minor) at 19:40
Goalie Stats
Brian Elliott (MNS), 34 saves from 36 shots - (0.944), L, 2-2-0, 59:50 minutes
Jacob Markstrom (MTL), 31 saves from 32 shots - (0.969), W, 2-2-0, 60:00 minutes
Players Stats for Minnesota North Stars
Player Name G A P +/- PIM S H SB GA TA FO MP PP MP PK MP
------------------------------------------------------------------------------------
Adam Lowry 0 0 0 -3 2 0 3 1 0 0 9/15 17:33 1:47 1:37
Alex Goligoski 0 1 1 1 0 1 1 0 0 1 0/0 20:13 2:06 0:45
Andrew Poturalski 0 0 0 0 0 1 1 0 0 0 1/5 10:35 0:00 0:00
Conor Sheary 1 0 1 1 0 3 1 0 0 0 0/0 6:50 0:00 0:00
David Perron 0 0 0 -2 0 1 0 0 1 0 0/0 18:05 1:47 2:29
Evgeni Malkin 0 0 0 0 4 3 1 1 0 0 2/2 18:28 2:21 0:00
Gustav Nyquist 0 0 0 -1 0 2 1 1 3 1 2/2 15:36 0:09 4:26
Jack Hughes 0 0 0 0 0 4 1 0 0 0 0/1 18:21 2:21 0:00
Jamie Oleksiak 0 0 0 0 0 1 1 0 0 2 0/0 12:47 0:06 2:21
Jeff Skinner 0 0 0 -2 0 4 0 0 0 0 0/0 16:35 1:47 1:01
Jonathan Toews 0 0 0 -1 0 2 1 1 1 1 21/39 22:55 2:21 4:26
Justin Holl 0 0 0 1 0 2 3 2 0 1 0/0 23:10 2:06 3:37
Neal Pionk 0 0 0 0 0 0 2 0 0 0 0/0 13:09 2:11 0:43
Nino Niederreiter 0 1 1 1 0 1 1 0 1 0 0/1 7:00 0:06 0:00
Rasmus Dahlin 0 0 0 -3 2 0 2 1 1 0 0/0 25:46 2:05 3:36
Viktor Arvidsson 0 0 0 0 0 4 1 0 0 0 0/0 10:35 0:00 0:00
Yegor Sharangovich 0 0 0 1 0 3 2 0 0 0 0/4 9:27 0:12 1:53
Zdeno Chara 0 0 0 -3 0 0 1 5 0 2 0/0 24:55 0:00 4:50
Players Stats for Montreal Canadiens
Player Name G A P +/- PIM S H SB GA TA FO MP PP MP PK MP
------------------------------------------------------------------------------------
Adam Fox 0 0 0 0 0 4 1 1 0 0 0/0 28:24 4:53 2:44
Alexandre Carrier 0 1 1 0 0 0 1 1 0 2 0/0 11:55 0:00 1:03
Brady Skjei 0 1 1 2 2 0 0 0 0 0 0/0 20:00 3:03 0:49
Christian Fischer 0 1 1 1 0 2 0 0 1 0 0/1 11:24 0:00 0:00
Filip Forsberg 0 1 1 1 0 5 0 1 1 0 0/0 22:18 3:40 2:24
Filip Hronek 1 0 1 2 0 1 0 0 0 1 0/0 20:44 3:03 1:33
Jake Evans 0 0 0 0 0 3 0 0 0 0 2/2 17:52 4:16 0:00
Laurent Dauphin 0 0 0 0 0 0 0 0 0 0 0/0 6:32 0:00 0:00
Marco Scandella 0 0 0 0 0 1 0 0 0 0 0/0 10:52 0:00 0:00
Martin Necas 1 0 1 0 0 5 1 1 1 1 6/18 18:44 4:16 0:52
Matty Beniers 0 0 0 0 0 1 0 1 1 0 0/1 6:32 0:00 0:00
Miles Wood 0 1 1 0 0 3 2 0 2 1 1/2 18:03 4:16 0:11
Patrik Laine 1 0 1 1 0 5 1 0 1 1 0/1 21:30 3:40 1:35
Rasmus Asplund 0 0 0 0 0 0 0 0 0 0 0/0 6:32 0:00 0:00
Sidney Crosby 0 0 0 1 2 2 4 0 0 0 21/30 21:10 3:40 1:16
Tomas Nosek 0 1 1 1 0 2 4 1 0 0 0/1 12:47 0:00 1:23
Tyler Myers 0 0 0 0 2 0 2 2 0 1 0/0 28:04 4:53 2:25
Tyson Jost 0 0 0 1 0 3 0 0 1 0 4/13 12:17 0:00 0:53
3 Stars
1 - Jacob Markstrom (MTL)
2 - Filip Hronek (MTL)
3 - Patrik Laine (MTL)
Power Play
Minnesota North Stars - 0 on 3 Attempt(s) - 0.00%
Montreal Canadiens - 0 on 4 Attempt(s) - 0.00%
Penalty Kill
Minnesota North Stars - 4 on 4 Attempt(s) - 100.00%
- Score 0 goal in Penalty Kill
Montreal Canadiens - 3 on 3 Attempt(s) - 100.00%
- Score 0 goal in Penalty Kill
Team Stat
Minnesota North Stars - Hits : 23 - Faceoff Wins : 35 - Blocked Shots : 12 - Penalty Minutes : 8
Montreal Canadiens - Hits : 16 - Faceoff Wins : 34 - Blocked Shots : 8 - Penalty Minutes : 6
Official
Referees : Tom Kowal and Trevor Hanson
Linesman : Ryan Galloway and Derek Nansen
Game Notes
15:15 of 3rd period - Montreal Canadiens goal is going for a video replay. After video review, No Goal. The attacking player has interfered with a goalkeeper in his goal crease.
Filip Hronek has scored in a empty net!
Finance
Level 1 -- Attendance: 5344 (89.07%) -- Ticket Income $534,400
Level 2 -- Attendance: 3773 (75.46%) -- Ticket Income $226,380
Level 3 -- Attendance: 3000 (100.00%) -- Ticket Income $105,000
Level 4 -- Attendance: 3632 (72.64%) -- Ticket Income $90,800
Luxury Box -- Attendance: 753 (75.30%) -- Ticket Income $150,600
Game was played at the Bell Centre.
Total Attendance: 16502 (82.51%)
Total Ticket Income: $1,107,180
Other Income: $387,513
Total Income: $1,494,693
Minnesota North Stars
5 vs 5 Forward
Center Left Wing Right Wing Time % Phy DF OF
1 Jonathan Toews Jack Hughes Evgeni Malkin 41 1 2 2
2 Adam Lowry Jeff Skinner David Perron 31 1 2 2
3 Andrew Poturalski Gustav Nyquist Viktor Arvidsson 21 1 2 2
4 Yegor Sharangovich Conor Sheary Nino Niederreiter 7 1 2 2
5 vs 5 Defense
Defense Defense Time % Phy DF OF
1 Rasmus Dahlin Zdeno Chara 41 1 2 2
2 Justin Holl Alex Goligoski 31 1 2 2
3 Jamie Oleksiak Neal Pionk 20 1 2 2
4 Alex Goligoski Justin Holl 8 1 2 2
PowerPlay Forward
Center Left Wing Right Wing Time % Phy DF OF
1 Jonathan Toews Jack Hughes Evgeni Malkin 60 1 2 2
2 Adam Lowry Jeff Skinner David Perron 40 1 2 2
PowerPlay Defense
Defense Defense Time % Phy DF OF
1 Rasmus Dahlin Neal Pionk 60 1 2 2
2 Justin Holl Alex Goligoski 40 1 2 2
Penalty Kill 4 Players Forward
Center Wing Time % Phy DF OF
1 Jonathan Toews Gustav Nyquist 60 1 2 2
2 Adam Lowry David Perron 40 1 2 2
Penalty Kill 4 Players Defense
Defense Defense Time % Phy DF OF
1 Rasmus Dahlin Zdeno Chara 60 1 2 2
2 Jamie Oleksiak Justin Holl 40 1 2 2
Penalty Kill - 3 Players Forward
Forward Time % Phy DF OF
1 Jonathan Toews 60 1 2 2
2 Adam Lowry 40 1 2 2
Penalty Kill - 3 Players Defense
Defense Defense Time % Phy DF OF
1 Rasmus Dahlin Zdeno Chara 60 1 2 2
2 Jamie Oleksiak Justin Holl 40 1 2 2
4 vs 4 Forward
Center Wing Time % Phy DF OF
1 Jonathan Toews Jack Hughes 60 1 2 2
2 Adam Lowry Evgeni Malkin 40 1 2 2
4 vs 4 Defense
Defense Defense Time % Phy DF OF
1 Rasmus Dahlin Zdeno Chara 60 1 2 2
2 Justin Holl Alex Goligoski 40 1 2 2
Last Minutes Offensive
Center Left Wing Right Wing Defense Defense
Jonathan Toews Jack Hughes Evgeni Malkin Rasmus Dahlin Neal Pionk
Last Minutes Defensive
Center Left Wing Right Wing Defense Defense
Jonathan Toews Adam Lowry David Perron Rasmus Dahlin Zdeno Chara
Goaltenders
Starting : Brian Elliott
Backup : Antti Raanta
Extra Forwards
Normal : Evgeni Malkin, Jack Hughes, Jeff Skinner - PP : Evgeni Malkin, Yegor Sharangovich - PK : Gustav Nyquist
Extra Defensemen
Normal : Neal Pionk, Rasmus Dahlin, Alex Goligoski - PP : Rasmus Dahlin - PK : Justin Holl, Alex Goligoski
Penalty Shots
Evgeni Malkin, Jack Hughes, David Perron, Jeff Skinner, Jonathan Toews
Montreal Canadiens
5 vs 5 Forward
Center Left Wing Right Wing Time % Phy DF OF
1 Sidney Crosby Filip Forsberg Patrik Laine 40 1 2 2
2 Martin Necas Miles Wood Jake Evans 30 1 2 2
3 Tyson Jost Tomas Nosek Christian Fischer 20 1 2 2
4 Matty Beniers Rasmus Asplund Laurent Dauphin 10 1 2 2
5 vs 5 Defense
Defense Defense Time % Phy DF OF
1 Tyler Myers Adam Fox 40 1 2 2
2 Brady Skjei Filip Hronek 30 1 2 2
3 Marco Scandella Alexandre Carrier 20 1 2 2
4 Tyler Myers Adam Fox 10 1 2 2
PowerPlay Forward
Center Left Wing Right Wing Time % Phy DF OF
1 Sidney Crosby Filip Forsberg Patrik Laine 60 1 2 2
2 Martin Necas Miles Wood Jake Evans 40 1 2 2
PowerPlay Defense
Defense Defense Time % Phy DF OF
1 Tyler Myers Adam Fox 60 1 2 2
2 Brady Skjei Filip Hronek 40 1 2 2
Penalty Kill 4 Players Forward
Center Wing Time % Phy DF OF
1 Sidney Crosby Filip Forsberg 60 1 2 2
2 Patrik Laine Martin Necas 40 1 2 2
Penalty Kill 4 Players Defense
Defense Defense Time % Phy DF OF
1 Tyler Myers Adam Fox 60 1 2 2
2 Brady Skjei Filip Hronek 40 1 2 2
Penalty Kill - 3 Players Forward
Forward Time % Phy DF OF
1 Sidney Crosby 60 1 2 2
2 Filip Forsberg 40 1 2 2
Penalty Kill - 3 Players Defense
Defense Defense Time % Phy DF OF
1 Tyler Myers Adam Fox 60 1 2 2
2 Brady Skjei Filip Hronek 40 1 2 2
4 vs 4 Forward
Center Wing Time % Phy DF OF
1 Sidney Crosby Filip Forsberg 60 1 2 2
2 Patrik Laine Martin Necas 40 1 2 2
4 vs 4 Defense
Defense Defense Time % Phy DF OF
1 Tyler Myers Adam Fox 60 1 2 2
2 Brady Skjei Filip Hronek 40 1 2 2
Last Minutes Offensive
Center Left Wing Right Wing Defense Defense
Sidney Crosby Filip Forsberg Patrik Laine Tyler Myers Adam Fox
Last Minutes Defensive
Center Left Wing Right Wing Defense Defense
Sidney Crosby Filip Forsberg Patrik Laine Tyler Myers Adam Fox
Goaltenders
Starting : Jacob Markstrom
Backup : Michael Dipietro
Extra Forwards
Normal : Tyson Jost, Matty Beniers, Tomas Nosek - PP : Tyson Jost, Matty Beniers - PK : Tomas Nosek
Extra Defensemen
Normal : Marco Scandella, Alexandre Carrier, Brady Skjei - PP : Marco Scandella - PK : Alexandre Carrier, Brady Skjei
Penalty Shots
Sidney Crosby, Filip Forsberg, Patrik Laine, Martin Necas, Miles Wood
% Time on Ice - Minnesota North Stars
Lines # - Real PCT - Wanted PCT - Time Play
Normal Forward
1 - 34% - 41% - 16:09
2 - 30% - 31% - 14:13
3 - 22% - 21% - 10:35
4 - 14% - 7% - 6:50
Normal Defense
1 - 43% - 41% - 20:34
2 - 32% - 31% - 15:12
3 - 20% - 20% - 9:46
4 - 5% - 8% - 2:15
PP Forward
1 - 58% - 60% - 2:30
2 - 42% - 40% - 1:47
PP Defense
1 - 51% - 60% - 2:11
2 - 49% - 40% - 2:06
PK Forward
1 - 69% - 60% - 5:27
2 - 31% - 40% - 2:29
PK Defense
1 - 70% - 60% - 5:35
2 - 30% - 40% - 2:21
PK3 Forward
1 - 0% - 60%
2 - 0% - 40%
PK3 Defense
1 - 0% - 60%
2 - 0% - 40%
44 Forward
1 - 0% - 60%
2 - 0% - 40%
44 Defense
1 - 0% - 60%
2 - 0% - 40%
Last Minute Offensive - 0:00
Last Minute Defensive - 0:00
Total
Forward - 60:00
Defense - 60:00
|
% Time on Ice - Montreal Canadiens
Lines # - Real PCT - Wanted PCT - Time Play
Normal Forward
1 - 34% - 40% - 16:15
2 - 28% - 30% - 13:36
3 - 24% - 20% - 11:24
4 - 14% - 10% - 6:32
Normal Defense
1 - 40% - 40% - 19:00
2 - 34% - 30% - 16:08
3 - 23% - 20% - 10:52
4 - 4% - 10% - 1:47
PP Forward
1 - 46% - 60% - 3:40
2 - 54% - 40% - 4:16
PP Defense
1 - 62% - 60% - 4:53
2 - 38% - 40% - 3:03
PK Forward
1 - 88% - 60% - 3:45
2 - 12% - 40% - 0:32
PK Defense
1 - 64% - 60% - 2:44
2 - 36% - 40% - 1:33
PK3 Forward
1 - 0% - 60%
2 - 0% - 40%
PK3 Defense
1 - 0% - 60%
2 - 0% - 40%
44 Forward
1 - 0% - 60%
2 - 0% - 40%
44 Defense
1 - 0% - 60%
2 - 0% - 40%
Last Minute Offensive - 0:00
Last Minute Defensive - 0:00
Total
Forward - 60:00
Defense - 60:00
|
Play-by-Play
1st period
0:01 of 1st period - Jonathan Toews wins face-off versus Sidney Crosby in neutral zone.
0:10 of 1st period - Wrist shot by Filip Forsberg.
0:10 of 1st period - Shot Blocked by Evgeni Malkin.
0:12 of 1st period - Slapshot by Adam Fox.
0:12 of 1st period - Stopped by Brian Elliott without a rebound.
0:13 of 1st period - Adam Lowry wins face-off versus Martin Necas in Minnesota North Stars zone.
0:19 of 1st period - Off-side.
0:20 of 1st period - Adam Lowry wins face-off versus Martin Necas in neutral zone.
0:23 of 1st period - Brady Skjei is hit by Adam Lowry.
0:28 of 1st period - Icing by Brady Skjei.
0:29 of 1st period - Gustav Nyquist wins face-off versus Martin Necas in Montreal Canadiens zone.
0:34 of 1st period - Wrist shot by Gustav Nyquist.
0:34 of 1st period - Stopped by Jacob Markstrom with a rebound.
0:48 of 1st period - Snap shot by Miles Wood.
0:48 of 1st period - Stopped by Brian Elliott without a rebound.
0:49 of 1st period - Jonathan Toews wins face-off versus Tyson Jost in Minnesota North Stars zone.
1:51 of 1st period - Tyler Myers is hit by Yegor Sharangovich and loses puck.
2:15 of 1st period - Snap shot by Evgeni Malkin.
2:15 of 1st period - Stopped by Jacob Markstrom without a rebound.
2:16 of 1st period - Sidney Crosby wins face-off versus Jonathan Toews in Montreal Canadiens zone.
3:16 of 1st period - Martin Necas is hit by Neal Pionk and loses puck.
3:51 of 1st period - Wrist shot by Matty Beniers.
3:51 of 1st period - Shot Blocked by Zdeno Chara.
3:54 of 1st period - Icing by Jonathan Toews.
3:55 of 1st period - Sidney Crosby wins face-off versus Jonathan Toews in Minnesota North Stars zone.
4:00 of 1st period - Backhand shot by Sidney Crosby.
4:00 of 1st period - Stopped by Brian Elliott without a rebound.
4:01 of 1st period - Sidney Crosby wins face-off versus Andrew Poturalski in Minnesota North Stars zone.
5:11 of 1st period - Snap shot by Gustav Nyquist.
5:11 of 1st period - Shot Hit the Post.
5:31 of 1st period - Backhand shot by Sidney Crosby.
5:31 of 1st period - Deflect By Filip Forsberg.
5:31 of 1st period - Shot Blocked by Justin Holl.
5:31 of 1st period - Puck is out of play.
5:32 of 1st period - Jonathan Toews wins face-off versus Martin Necas in Minnesota North Stars zone.
6:19 of 1st period - Snap shot by Conor Sheary.
6:19 of 1st period - Stopped by Jacob Markstrom with a rebound.
6:41 of 1st period - Icing by Zdeno Chara.
6:42 of 1st period - Jonathan Toews wins face-off versus Miles Wood in Minnesota North Stars zone.
6:42 of 1st period - Jonathan Toews is hit by Alexandre Carrier.
6:56 of 1st period - Snap shot by Martin Necas.
6:56 of 1st period - Stopped by Brian Elliott without a rebound.
6:57 of 1st period - Adam Lowry wins face-off versus Tyson Jost in Minnesota North Stars zone.
7:22 of 1st period - Adam Fox is hit by Jack Hughes and loses puck.
7:45 of 1st period - Snap shot by Viktor Arvidsson.
7:45 of 1st period - Shot Misses the Net.
7:47 of 1st period - Slapshot by Jamie Oleksiak.
7:47 of 1st period - Deflect By Adam Fox.
7:47 of 1st period - Stopped by Jacob Markstrom with a rebound.
7:49 of 1st period - Slapshot by Justin Holl.
7:49 of 1st period - Deflect By Adam Fox.
7:49 of 1st period - Stopped by Jacob Markstrom with a rebound.
7:51 of 1st period - Backhand shot by Alex Goligoski.
7:51 of 1st period - Shot Misses the Net.
8:09 of 1st period - Marco Scandella is hit by Justin Holl and loses puck.
9:11 of 1st period - Slapshot by Viktor Arvidsson.
9:11 of 1st period - Shot Misses the Net.
9:15 of 1st period - Wrist shot by Viktor Arvidsson.
9:15 of 1st period - Stopped by Jacob Markstrom with a rebound.
9:17 of 1st period - Slapshot by Andrew Poturalski.
9:17 of 1st period - Shot Misses the Net.
9:21 of 1st period - Snap shot by Viktor Arvidsson.
9:21 of 1st period - Shot Misses the Net.
9:31 of 1st period - Minor Penalty to Sidney Crosby for Hooking.
9:32 of 1st period - Jonathan Toews wins face-off versus Tomas Nosek in Montreal Canadiens zone.
9:47 of 1st period - Snap shot by Evgeni Malkin.
9:47 of 1st period - Shot Blocked by Tyler Myers.
9:49 of 1st period - Snap shot by Justin Holl.
9:49 of 1st period - Stopped by Jacob Markstrom with a rebound.
10:07 of 1st period - Wrist shot by David Perron.
10:07 of 1st period - Shot Blocked by Adam Fox.
10:43 of 1st period - Rasmus Dahlin is hit by Tomas Nosek and loses puck.
11:31 of 1st period - Penalty to Sidney Crosby is over, Sidney Crosby is back on ice.
11:59 of 1st period - Wrist shot by Conor Sheary.
11:59 of 1st period - Stopped by Jacob Markstrom without a rebound.
12:00 of 1st period - Martin Necas wins face-off versus Yegor Sharangovich in Montreal Canadiens zone.
12:00 of 1st period - Martin Necas is hit by Rasmus Dahlin.
12:16 of 1st period - Snap shot by Nino Niederreiter.
12:16 of 1st period - Shot Misses the Net.
12:18 of 1st period - Slapshot by Alex Goligoski.
12:18 of 1st period - Shot Misses the Net.
12:20 of 1st period - Snap shot by Conor Sheary.
12:20 of 1st period - Goal by Conor Sheary - Minnesota North Stars : 1 - Montreal Canadiens : 0.
12:21 of 1st period - Sidney Crosby wins face-off versus Jonathan Toews in neutral zone.
12:54 of 1st period - Slapshot by Jeff Skinner.
12:54 of 1st period - Stopped by Jacob Markstrom without a rebound.
12:55 of 1st period - Jonathan Toews wins face-off versus Tyson Jost in Montreal Canadiens zone.
13:21 of 1st period - Icing by Evgeni Malkin.
13:22 of 1st period - Jonathan Toews wins face-off versus Martin Necas in Minnesota North Stars zone.
13:22 of 1st period - Jonathan Toews is hit by Martin Necas.
13:54 of 1st period - Slapshot by Jonathan Toews.
13:54 of 1st period - Stopped by Jacob Markstrom with a rebound.
14:12 of 1st period - Wrist shot by Evgeni Malkin.
14:12 of 1st period - Stopped by Jacob Markstrom with a rebound.
14:34 of 1st period - Wrist shot by Miles Wood.
14:34 of 1st period - Stopped by Brian Elliott without a rebound.
14:35 of 1st period - Sidney Crosby wins face-off versus Adam Lowry in Minnesota North Stars zone.
15:06 of 1st period - Snap shot by Tomas Nosek.
15:06 of 1st period - Stopped by Brian Elliott with a rebound.
15:08 of 1st period - Slapshot by Tyson Jost.
15:08 of 1st period - Shot Misses the Net.
15:10 of 1st period - Snap shot by Tomas Nosek.
15:10 of 1st period - Stopped by Brian Elliott without a rebound.
15:11 of 1st period - Adam Lowry wins face-off versus Tyson Jost in Minnesota North Stars zone.
15:16 of 1st period - Christian Fischer is hit by Adam Lowry and loses puck.
15:41 of 1st period - Snap shot by Conor Sheary.
15:41 of 1st period - Shot Misses the Net.
15:43 of 1st period - Wrist shot by Yegor Sharangovich.
15:43 of 1st period - Stopped by Jacob Markstrom without a rebound.
15:44 of 1st period - Sidney Crosby wins face-off versus Yegor Sharangovich in Montreal Canadiens zone.
15:52 of 1st period - Off-side.
15:53 of 1st period - Adam Lowry wins face-off versus Sidney Crosby in neutral zone.
16:19 of 1st period - Snap shot by Sidney Crosby.
16:19 of 1st period - Shot Misses the Net.
16:21 of 1st period - Slapshot by Patrik Laine.
16:21 of 1st period - Shot Misses the Net.
16:23 of 1st period - Wrist shot by Adam Fox.
16:23 of 1st period - Deflect By Jeff Skinner.
16:23 of 1st period - Stopped by Brian Elliott with a rebound.
16:25 of 1st period - Snap shot by Sidney Crosby.
16:25 of 1st period - Shot Misses the Net.
16:35 of 1st period - Slapshot by Filip Forsberg.
16:35 of 1st period - Stopped by Brian Elliott with a rebound.
16:37 of 1st period - Slapshot by Patrik Laine.
16:37 of 1st period - Shot Blocked by Zdeno Chara.
16:41 of 1st period - Snap shot by Sidney Crosby.
16:41 of 1st period - Stopped by Brian Elliott without a rebound.
16:42 of 1st period - Jake Evans wins face-off versus Jonathan Toews in Minnesota North Stars zone.
16:52 of 1st period - Minor Penalty to Evgeni Malkin for Holding.
16:53 of 1st period - Martin Necas wins face-off versus Jonathan Toews in Minnesota North Stars zone.
16:55 of 1st period - Wrist shot by Miles Wood.
16:55 of 1st period - Shot Misses the Net.
18:33 of 1st period - Backhand shot by Yegor Sharangovich.
18:33 of 1st period - Stopped by Jacob Markstrom without a rebound.
18:34 of 1st period - Martin Necas wins face-off versus Yegor Sharangovich in Montreal Canadiens zone.
18:52 of 1st period - Penalty to Evgeni Malkin is over, Evgeni Malkin is back on ice.
18:57 of 1st period - Snap shot by Jack Hughes.
18:57 of 1st period - Stopped by Jacob Markstrom without a rebound.
18:58 of 1st period - Jonathan Toews wins face-off versus Tyson Jost in Montreal Canadiens zone.
19:49 of 1st period - Off-side.
19:50 of 1st period - Jonathan Toews wins face-off versus Sidney Crosby in neutral zone.
Goals for this period are 1 for Minnesota North Stars vs 0 for Montreal Canadiens.
Shots for this period are 15 for Minnesota North Stars vs 10 for Montreal Canadiens.
2nd period
0:01 of 2nd period - Jonathan Toews wins face-off versus Patrik Laine in neutral zone.
0:23 of 2nd period - Icing by Jack Hughes.
0:24 of 2nd period - Jonathan Toews wins face-off versus Martin Necas in Minnesota North Stars zone.
0:35 of 2nd period - Slapshot by Jeff Skinner.
0:35 of 2nd period - Stopped by Jacob Markstrom with a rebound.
0:37 of 2nd period - Wrist shot by Adam Lowry.
0:37 of 2nd period - Shot Blocked by Alexandre Carrier.
0:39 of 2nd period - Slapshot by Justin Holl.
0:39 of 2nd period - Shot Misses the Net.
1:04 of 2nd period - Gustav Nyquist is hit by Sidney Crosby and loses puck.
1:37 of 2nd period - David Perron is hit by Tyler Myers and loses puck.
2:06 of 2nd period - Adam Fox is hit by Nino Niederreiter and loses puck.
3:28 of 2nd period - Marco Scandella is hit by Justin Holl and loses puck.
3:51 of 2nd period - Evgeni Malkin is hit by Tyler Myers.
4:08 of 2nd period - Neal Pionk is hit by Tomas Nosek and loses puck.
4:15 of 2nd period - Slapshot by Christian Fischer.
4:15 of 2nd period - Stopped by Brian Elliott without a rebound.
4:16 of 2nd period - Jonathan Toews wins face-off versus Martin Necas in Minnesota North Stars zone.
4:26 of 2nd period - Slapshot by Adam Fox.
4:26 of 2nd period - Deflect By Jake Evans.
4:26 of 2nd period - Shot Misses the Net.
4:26 of 2nd period - Puck is out of play.
4:27 of 2nd period - Sidney Crosby wins face-off versus Jonathan Toews in Minnesota North Stars zone.
4:54 of 2nd period - Brady Skjei is hit by Neal Pionk and loses puck.
5:17 of 2nd period - Slapshot by Viktor Arvidsson.
5:17 of 2nd period - Stopped by Jacob Markstrom with a rebound.
5:33 of 2nd period - Matty Beniers is hit by Jamie Oleksiak and loses puck.
6:18 of 2nd period - Slapshot by Patrik Laine.
6:18 of 2nd period - Goal by Patrik Laine - Minnesota North Stars : 1 - Montreal Canadiens : 1.
6:19 of 2nd period - Martin Necas wins face-off versus Jonathan Toews in neutral zone.
6:30 of 2nd period - Miles Wood is hit by Rasmus Dahlin and loses puck.
7:20 of 2nd period - Alexandre Carrier is hit by Justin Holl and loses puck.
7:30 of 2nd period - Off-side.
7:31 of 2nd period - Andrew Poturalski wins face-off versus Matty Beniers in neutral zone.
8:02 of 2nd period - Snap shot by Viktor Arvidsson.
8:02 of 2nd period - Stopped by Jacob Markstrom with a rebound.
8:04 of 2nd period - Snap shot by Gustav Nyquist.
8:04 of 2nd period - Shot Blocked by Matty Beniers.
8:08 of 2nd period - Wrist shot by Viktor Arvidsson.
8:08 of 2nd period - Shot Misses the Net.
8:10 of 2nd period - Wrist shot by Gustav Nyquist.
8:10 of 2nd period - Stopped by Jacob Markstrom without a rebound.
8:11 of 2nd period - Jonathan Toews wins face-off versus Sidney Crosby in Montreal Canadiens zone.
8:18 of 2nd period - Wrist shot by Filip Forsberg.
8:18 of 2nd period - Shot Misses the Net.
8:42 of 2nd period - Snap shot by David Perron.
8:42 of 2nd period - Stopped by Jacob Markstrom with a rebound.
8:52 of 2nd period - Adam Lowry is hit by Miles Wood and loses puck.
9:07 of 2nd period - Wrist shot by Yegor Sharangovich.
9:07 of 2nd period - Stopped by Jacob Markstrom without a rebound.
9:08 of 2nd period - Sidney Crosby wins face-off versus Yegor Sharangovich in Montreal Canadiens zone.
9:17 of 2nd period - Wrist shot by Patrik Laine.
9:17 of 2nd period - Stopped by Brian Elliott without a rebound.
9:18 of 2nd period - Sidney Crosby wins face-off versus Jonathan Toews in Minnesota North Stars zone.
9:34 of 2nd period - Wrist shot by Sidney Crosby.
9:34 of 2nd period - Shot Misses the Net.
9:36 of 2nd period - Backhand shot by Patrik Laine.
9:36 of 2nd period - Stopped by Brian Elliott with a rebound.
9:38 of 2nd period - Wrist shot by Sidney Crosby.
9:38 of 2nd period - Shot Misses the Net.
9:40 of 2nd period - Slapshot by Brady Skjei.
9:40 of 2nd period - Shot Blocked by Jonathan Toews.
10:06 of 2nd period - Snap shot by Filip Forsberg.
10:06 of 2nd period - Stopped by Brian Elliott without a rebound.
10:07 of 2nd period - Miles Wood wins face-off versus Adam Lowry in Minnesota North Stars zone.
10:10 of 2nd period - Slapshot by Adam Fox.
10:10 of 2nd period - Shot Blocked by Justin Holl.
10:16 of 2nd period - Snap shot by Jeff Skinner.
10:16 of 2nd period - Stopped by Jacob Markstrom without a rebound.
10:17 of 2nd period - Adam Lowry wins face-off versus Martin Necas in Montreal Canadiens zone.
11:22 of 2nd period - Slapshot by Martin Necas.
11:22 of 2nd period - Stopped by Brian Elliott with a rebound.
11:24 of 2nd period - Snap shot by Jake Evans.
11:24 of 2nd period - Stopped by Brian Elliott without a rebound.
11:25 of 2nd period - Sidney Crosby wins face-off versus Jonathan Toews in Minnesota North Stars zone.
12:45 of 2nd period - Patrik Laine is hit by Evgeni Malkin and loses puck.
12:58 of 2nd period - Viktor Arvidsson is hit by Tomas Nosek and loses puck.
13:08 of 2nd period - Icing by Justin Holl.
13:09 of 2nd period - Gustav Nyquist wins face-off versus Martin Necas in Minnesota North Stars zone.
13:24 of 2nd period - Alex Goligoski is hit by Adam Fox and loses puck.
13:42 of 2nd period - Minor Penalty to Adam Lowry for High sticking.
13:43 of 2nd period - Sidney Crosby wins face-off versus Jonathan Toews in Minnesota North Stars zone.
13:44 of 2nd period - Slapshot by Filip Forsberg.
13:44 of 2nd period - Stopped by Brian Elliott with a rebound.
13:46 of 2nd period - Snap shot by Adam Fox.
13:46 of 2nd period - Shot Blocked by Zdeno Chara.
13:48 of 2nd period - Slapshot by Filip Forsberg.
13:48 of 2nd period - Stopped by Brian Elliott without a rebound.
13:49 of 2nd period - Sidney Crosby wins face-off versus Jonathan Toews in Minnesota North Stars zone.
14:16 of 2nd period - Snap shot by Adam Fox.
14:16 of 2nd period - Shot Misses the Net.
14:18 of 2nd period - Snap shot by Miles Wood.
14:18 of 2nd period - Stopped by Brian Elliott without a rebound.
14:19 of 2nd period - Jonathan Toews wins face-off versus Martin Necas in Minnesota North Stars zone.
14:42 of 2nd period - Justin Holl is hit by Miles Wood.
15:24 of 2nd period - Backhand shot by Yegor Sharangovich.
15:24 of 2nd period - Shot Blocked by Martin Necas.
15:27 of 2nd period - Icing by Martin Necas.
15:28 of 2nd period - Martin Necas wins face-off versus Jonathan Toews in Montreal Canadiens zone.
15:42 of 2nd period - Penalty to Adam Lowry is over, Adam Lowry is back on ice.
16:02 of 2nd period - Snap shot by Martin Necas.
16:02 of 2nd period - Goal by Martin Necas - Minnesota North Stars : 1 - Montreal Canadiens : 2.
16:03 of 2nd period - Sidney Crosby wins face-off versus Adam Lowry in neutral zone.
16:38 of 2nd period - Tomas Nosek is hit by Zdeno Chara.
17:20 of 2nd period - Tomas Nosek is hit by Adam Lowry.
18:19 of 2nd period - Miles Wood is hit by Alex Goligoski and loses puck.
18:26 of 2nd period - Wrist shot by Conor Sheary.
18:26 of 2nd period - Shot Misses the Net.
18:28 of 2nd period - Snap shot by Nino Niederreiter.
18:28 of 2nd period - Stopped by Jacob Markstrom without a rebound.
18:29 of 2nd period - Jonathan Toews wins face-off versus Tyson Jost in Montreal Canadiens zone.
18:37 of 2nd period - Minor Penalty to Evgeni Malkin for Hooking.
18:38 of 2nd period - Sidney Crosby wins face-off versus Jonathan Toews in Minnesota North Stars zone.
19:11 of 2nd period - Jake Evans is hit by Gustav Nyquist and loses puck.
Goals for this period are 0 for Minnesota North Stars vs 2 for Montreal Canadiens.
Shots for this period are 8 for Minnesota North Stars vs 11 for Montreal Canadiens.
3rd period
0:01 of 3rd period - Sidney Crosby wins face-off versus Jonathan Toews in neutral zone.
0:11 of 3rd period - Gustav Nyquist is hit by Sidney Crosby and loses puck.
0:37 of 3rd period - Penalty to Evgeni Malkin is over, Evgeni Malkin is back on ice.
0:44 of 3rd period - Tyson Jost is hit by Yegor Sharangovich and loses puck.
1:18 of 3rd period - Minor Penalty to Brady Skjei for Tripping.
1:19 of 3rd period - Sidney Crosby wins face-off versus Jonathan Toews in Montreal Canadiens zone.
1:25 of 3rd period - Snap shot by Sidney Crosby.
1:25 of 3rd period - Shot Misses the Net.
2:05 of 3rd period - Evgeni Malkin is hit by Sidney Crosby and loses puck.
2:42 of 3rd period - Evgeni Malkin is hit by Patrik Laine and loses puck.
3:18 of 3rd period - Penalty to Brady Skjei is over, Brady Skjei is back on ice.
3:35 of 3rd period - Martin Necas is hit by Andrew Poturalski and loses puck.
3:52 of 3rd period - Brady Skjei is hit by Conor Sheary and loses puck.
4:19 of 3rd period - Snap shot by Martin Necas.
4:19 of 3rd period - Stopped by Brian Elliott without a rebound.
4:20 of 3rd period - Adam Lowry wins face-off versus Tyson Jost in Minnesota North Stars zone.
4:57 of 3rd period - Wrist shot by Evgeni Malkin.
4:57 of 3rd period - Shot Misses the Net.
5:07 of 3rd period - Slapshot by Adam Fox.
5:07 of 3rd period - Shot Blocked by Gustav Nyquist.
5:15 of 3rd period - Snap shot by Alex Goligoski.
5:15 of 3rd period - Stopped by Jacob Markstrom with a rebound.
5:17 of 3rd period - Wrist shot by Andrew Poturalski.
5:17 of 3rd period - Deflect By Sidney Crosby.
5:17 of 3rd period - Stopped by Jacob Markstrom without a rebound.
5:18 of 3rd period - Tyson Jost wins face-off versus Adam Lowry in Montreal Canadiens zone.
5:27 of 3rd period - Slapshot by Tyson Jost.
5:27 of 3rd period - Stopped by Brian Elliott with a rebound.
5:29 of 3rd period - Slapshot by Adam Fox.
5:29 of 3rd period - Stopped by Brian Elliott without a rebound.
5:30 of 3rd period - Evgeni Malkin wins face-off versus Sidney Crosby in Minnesota North Stars zone.
5:30 of 3rd period - Evgeni Malkin is hit by Sidney Crosby.
5:42 of 3rd period - Wrist shot by Patrik Laine.
5:42 of 3rd period - Stopped by Brian Elliott with a rebound.
5:44 of 3rd period - Wrist shot by Patrik Laine.
5:44 of 3rd period - Stopped by Brian Elliott with a rebound.
5:46 of 3rd period - Wrist shot by Filip Forsberg.
5:46 of 3rd period - Stopped by Brian Elliott without a rebound.
5:47 of 3rd period - Adam Lowry wins face-off versus Martin Necas in Minnesota North Stars zone.
7:21 of 3rd period - Snap shot by Jeff Skinner.
7:21 of 3rd period - Deflect By David Perron.
7:21 of 3rd period - Shot Blocked by Filip Forsberg.
7:21 of 3rd period - Puck is out of play.
7:22 of 3rd period - Sidney Crosby wins face-off versus Adam Lowry in Montreal Canadiens zone.
7:27 of 3rd period - Slapshot by Jeff Skinner.
7:27 of 3rd period - Shot Misses the Net.
7:29 of 3rd period - Snap shot by David Perron.
7:29 of 3rd period - Deflect By Jeff Skinner.
7:29 of 3rd period - Shot Misses the Net.
7:29 of 3rd period - Puck is out of play.
7:30 of 3rd period - Jonathan Toews wins face-off versus Sidney Crosby in Montreal Canadiens zone.
7:31 of 3rd period - Snap shot by Jack Hughes.
7:31 of 3rd period - Stopped by Jacob Markstrom without a rebound.
7:32 of 3rd period - Sidney Crosby wins face-off versus Jack Hughes in Montreal Canadiens zone.
7:54 of 3rd period - Minor Penalty to Rasmus Dahlin for Holding.
7:55 of 3rd period - Jonathan Toews wins face-off versus Sidney Crosby in Minnesota North Stars zone.
8:00 of 3rd period - Patrik Laine is hit by Jonathan Toews and loses puck.
8:54 of 3rd period - Icing by Martin Necas.
8:55 of 3rd period - Martin Necas wins face-off versus Adam Lowry in Montreal Canadiens zone.
9:00 of 3rd period - Wrist shot by Martin Necas.
9:00 of 3rd period - Shot Misses the Net.
9:02 of 3rd period - Snap shot by Jake Evans.
9:02 of 3rd period - Shot Misses the Net.
9:54 of 3rd period - Penalty to Rasmus Dahlin is over, Rasmus Dahlin is back on ice.
10:04 of 3rd period - Icing by Neal Pionk.
10:05 of 3rd period - Tyson Jost wins face-off versus Nino Niederreiter in Minnesota North Stars zone.
10:10 of 3rd period - Wrist shot by Tyson Jost.
10:10 of 3rd period - Stopped by Brian Elliott without a rebound.
10:11 of 3rd period - Jonathan Toews wins face-off versus Tyson Jost in Minnesota North Stars zone.
10:11 of 3rd period - Jonathan Toews is hit by Tomas Nosek.
11:01 of 3rd period - Off-side.
11:02 of 3rd period - Jake Evans wins face-off versus Andrew Poturalski in neutral zone.
11:10 of 3rd period - Wrist shot by Martin Necas.
11:10 of 3rd period - Shot Misses the Net.
11:12 of 3rd period - Snap shot by Martin Necas.
11:12 of 3rd period - Shot Misses the Net.
11:14 of 3rd period - Wrist shot by Martin Necas.
11:14 of 3rd period - Stopped by Brian Elliott without a rebound.
11:15 of 3rd period - Sidney Crosby wins face-off versus Jonathan Toews in Minnesota North Stars zone.
11:30 of 3rd period - Wrist shot by Evgeni Malkin.
11:30 of 3rd period - Stopped by Jacob Markstrom with a rebound.
11:32 of 3rd period - Snap shot by Jonathan Toews.
11:32 of 3rd period - Shot Misses the Net.
11:42 of 3rd period - Sidney Crosby is hit by Viktor Arvidsson and loses puck.
12:12 of 3rd period - Snap shot by Miles Wood.
12:12 of 3rd period - Shot Blocked by Adam Lowry.
12:14 of 3rd period - Wrist shot by Jake Evans.
12:14 of 3rd period - Shot Misses the Net.
12:16 of 3rd period - Snap shot by Jake Evans.
12:16 of 3rd period - Stopped by Brian Elliott with a rebound.
12:18 of 3rd period - Snap shot by Jake Evans.
12:18 of 3rd period - Stopped by Brian Elliott without a rebound.
12:19 of 3rd period - Jonathan Toews wins face-off versus Christian Fischer in Minnesota North Stars zone.
13:36 of 3rd period - Slapshot by Jonathan Toews.
13:36 of 3rd period - Stopped by Jacob Markstrom without a rebound.
13:37 of 3rd period - Tyson Jost wins face-off versus Jonathan Toews in Montreal Canadiens zone.
13:46 of 3rd period - Wrist shot by Tyson Jost.
13:46 of 3rd period - Stopped by Brian Elliott with a rebound.
13:58 of 3rd period - Snap shot by Zdeno Chara.
13:58 of 3rd period - Deflect By Jack Hughes.
13:58 of 3rd period - Stopped by Jacob Markstrom without a rebound.
13:59 of 3rd period - Adam Lowry wins face-off versus Sidney Crosby in Montreal Canadiens zone.
14:59 of 3rd period - Snap shot by Alexandre Carrier.
14:59 of 3rd period - Shot Misses the Net.
15:01 of 3rd period - Wrist shot by Marco Scandella.
15:01 of 3rd period - Stopped by Brian Elliott without a rebound.
15:02 of 3rd period - Tyson Jost wins face-off versus Jonathan Toews in Minnesota North Stars zone.
15:07 of 3rd period - Snap shot by Tyson Jost.
15:07 of 3rd period - Shot Blocked by Zdeno Chara.
15:13 of 3rd period - Slapshot by Adam Fox.
15:13 of 3rd period - Stopped by Brian Elliott with a rebound.
15:15 of 3rd period - Snap shot by Christian Fischer.
15:15 of 3rd period - Montreal Canadiens goal is going for a video replay.
15:15 of 3rd period - The goal is refused. The attacking player has interfered with a goalkeeper in his goal crease..
15:16 of 3rd period - Sidney Crosby wins face-off versus Andrew Poturalski in Minnesota North Stars zone.
15:17 of 3rd period - Wrist shot by Patrik Laine.
15:17 of 3rd period - Shot Misses the Net.
15:23 of 3rd period - Slapshot by Viktor Arvidsson.
15:23 of 3rd period - Stopped by Jacob Markstrom without a rebound.
15:24 of 3rd period - Sidney Crosby wins face-off versus Andrew Poturalski in Montreal Canadiens zone.
16:07 of 3rd period - Slapshot by Adam Fox.
16:07 of 3rd period - Shot Blocked by Rasmus Dahlin.
16:35 of 3rd period - Wrist shot by Gustav Nyquist.
16:35 of 3rd period - Deflect By Filip Forsberg.
16:35 of 3rd period - Shot Misses the Net.
16:35 of 3rd period - Puck is out of play.
16:36 of 3rd period - Jonathan Toews wins face-off versus Tyson Jost in Montreal Canadiens zone.
16:49 of 3rd period - Snap shot by Evgeni Malkin.
16:49 of 3rd period - Shot Misses the Net.
17:29 of 3rd period - Wrist shot by David Perron.
17:29 of 3rd period - Shot Misses the Net.
17:37 of 3rd period - Snap shot by Matty Beniers.
17:37 of 3rd period - Stopped by Brian Elliott with a rebound.
18:36 of 3rd period - Wrist shot by Jeff Skinner.
18:36 of 3rd period - Stopped by Jacob Markstrom with a rebound.
19:06 of 3rd period - Minnesota North Stars, Brian Elliott is pulled from the net.
19:06 of 3rd period - Slapshot by Rasmus Dahlin.
19:06 of 3rd period - Shot Blocked by Tomas Nosek.
19:14 of 3rd period - Snap shot by Christian Fischer.
19:14 of 3rd period - Shot Blocked by Zdeno Chara.
19:16 of 3rd period - Slapshot by Filip Hronek.
19:16 of 3rd period - Goal by Filip Hronek - Minnesota North Stars : 1 - Montreal Canadiens : 3.
19:16 of 3rd period - Brian Elliott from Minnesota North Stars was sent back in the game.
19:17 of 3rd period - Evgeni Malkin wins face-off versus Martin Necas in neutral zone.
19:30 of 3rd period - Wrist shot by Jack Hughes.
19:30 of 3rd period - Stopped by Jacob Markstrom with a rebound.
19:32 of 3rd period - Slapshot by Justin Holl.
19:32 of 3rd period - Shot Blocked by Tyler Myers.
19:34 of 3rd period - Slapshot by Justin Holl.
19:34 of 3rd period - Shot Misses the Net.
19:40 of 3rd period - Minor Penalty to Tyler Myers for Hooking.
19:41 of 3rd period - Jonathan Toews wins face-off versus Sidney Crosby in Montreal Canadiens zone.
Goals for this period are 0 for Minnesota North Stars vs 1 for Montreal Canadiens.
Shots for this period are 9 for Minnesota North Stars vs 16 for Montreal Canadiens.
Back to the Top